 Dungeon Crawl Stone Soup version 0.27-a0-1287-gca74d27db6 (webtiles) character file.

Game seed: 11112587631337976244

1498 Vomitron the Stinger (level 8, -3/81 (84) HPs)
             Began as an Ogre Venom Mage on June 14, 2021.
             Was a Believer of Ru.
             Slain by a centaur (5 damage)
             ... on level 6 of the Dungeon.
             The game lasted 00:12:01 (6993 turns).

Vomitron the Stinger (Ogre Venom Mage)              Turns: 6993, Time: 00:12:02

HP:   -3/81 (84)    AC:  3    Str: 13    XL:     8   Next: 81%
MP:   13/17         EV:  9    Int: 18    God:    Ru [**....]
Gold: 209           SH:  0    Dex:  9    Spells: 16/19 levels left

rFire    . . .     SeeInvis .   u - +1 flail (holy)
rCold    . . .     Faith    .   (no shield)
rNeg     . . .     Spirit   .   a - +0 robe
rPois    .         Reflect  .   (helmet restricted)
rElec    .         Harm     .   (no cloak)
rCorr    .         Rampage  .   (gloves unavailable)
Will     .....                  (boots unavailable)
Stlth    ..........             (no amulet)
HPRegen  0.23/turn              (no ring)
MPRegen  0.15/turn              (no ring)

@: lightly drained
A: large, unfitting armour, tough skin 1, no stealth, hated by all
a: Renounce Religion


You were on level 6 of the Dungeon.
You worshipped Ru.
Ru was pleased with you.
You visited 1 branch of the dungeon, and saw 6 of its levels.

You collected 209 gold pieces.

Inventory:

Hand Weapons
 d - a +0 dagger
 e - a +0 whip
 n - a +0 spear
 u - a +1 flail of holy wrath (weapon)
Missiles
 m - a throwing net
Armour
 a - a +0 robe (worn)
Scrolls
 b - a scroll of amnesia
 c - 2 scrolls of immolation
 g - a scroll of holy word
 k - 2 scrolls of vulnerability
 o - a scroll of fog
 p - a scroll of torment
 r - 3 scrolls of teleportation
 s - 2 scrolls of enchant weapon
Potions
 f - a potion of cancellation
 i - 2 potions of brilliance
 l - 2 potions of magic
 q - a potion of haste
 t - a potion of attraction {unknown}


   Skills:
 + Level 6.7 Fighting
 - Level 1.7 Dodging
 + Level 6.2 Spellcasting
 - Level 0.8 Transmutations
 * Level 7.4 Poison Magic


You had 16 spell levels left.
You knew the following spells:

 Your Spells              Type           Power      Damage    Failure   Level
a - Sting                 Tmut/Pois      80%        1d7       2%          1
b - Poisonous Vapours     Pois/Air       38%        N/A       3%          2

Your spell library contained the following spells:

 Spells                   Type           Power      Damage    Failure   Level
 Olgreb's Toxic Radiance  Pois           32%        N/A       5%          4
 Ignite Poison            Fire/Tmut/Pois 15%        N/A       11%         3
 Mephitic Cloud           Conj/Pois/Air  14%        N/A       13%         3


Dungeon Overview and Level Annotations

Branches:
Dungeon (6/15)             Temple (0/1) D:6

Altars:
Okawaru
Qazlal
Ru
Trog
Uskayaw
Yredelemnul
Zin
The Shining One

Shops:
D:1 =


Innate Abilities, Weirdness & Mutations

You are too large for most types of armour.
You have tough skin. (AC +1)
You cannot be stealthy.
You are hated by all.


Message History

The centaur hits you but does no damage.
The centaur kicks you but does no damage.
Casting: Sting (safe; 2% risk of failure)
Confirm with . or Enter, or press ? or * to list all spells.
Aiming: Poisonous Vapours (safe; 3% risk of failure)
Press: ? - help, Dir - move target, f - centaur
Aim: a centaur, quivering arrows (moderately wounded) Poisonous vapours surround the centaur!
The centaur is engulfed in poison gas.
The centaur is poisoned.
The centaur closely misses you.
The centaur kicks you but does no damage.
Unknown command.
Unknown command.
Casting: Poisonous Vapours (safe; 3% risk of failure)
Confirm with . or Enter, or press ? or * to list all spells.
Aiming: Poisonous Vapours (safe; 3% risk of failure)
Press: ? - help, Dir - move target, f/p - centaur
Aim: a centaur, quivering arrows (heavily wounded, poisoned) Poisonous vapours surround the centaur!
The centaur is engulfed in poison gas.
The centaur looks even sicker.
The centaur barely misses you. The centaur kicks you.
* * * LOW HITPOINT WARNING * * *
The centaur is engulfed in poison gas.
The centaur looks even sicker.
The centaur closely misses you. x2
Unknown command.
As you read the scroll labelled TACKUE SISAPT, it crumbles to dust.
You feel aware of your surroundings.
You sensed 1 altar.
It was a scroll of magic mapping.
The centaur closely misses you. The centaur barely misses you.
Unknown command.
Really read the scroll of torment?
Okay, then.
Unknown command.
Really read the scroll of torment?
As you read the scroll of torment, it crumbles to dust.
You feel a surge of unholy energy.
The centaur convulses! x2
The centaur is stunned by your conviction and fails to attack.
The centaur barely misses you.
The centaur kicks you but does no damage.
The centaur hits you.
You die...

*,*,,,,,* ** **,###.***
,* *###,,,...* ,**
***,...,,..#* ,,**
**,,,##.#*..# ^,,*
*,,,**...##.#
,,*****,.#.##..#.#
,,*,**......:..†.#
,,,,,,#..#..##,#@#
,,**,,...##c..##c##
,,**.,*#..##.##.c.##
,***..##...........####
,***............=...?.#*
,**,.....#.......#.....*
,**,.....##....#####.##*
**,,..........## *.#
,**,,...#.....# **#


You could see 2 centaurs.

Vanquished Creatures
  A centaur zombie (D:5)
  Sigmund (D:3)
  An orc warrior (D:4)
  3 necrophages
  A centaur (D:5)
  Blork the orc (D:5)
  A water moccasin zombie (D:5)
  2 scorpions
  A water moccasin skeleton (D:5)
  A howler monkey (D:5)
  A bullfrog zombie (D:5)
  A hound (D:4)
  An orc priest (D:4)
  2 orc wizards
  3 gnolls (D:2)
  5 adders (D:5)
  A white imp (D:5)
  A worm (D:2)
  2 dart slugs
  6 orcs
  6 bats
  2 endoplasms
  5 giant cockroaches
  7 goblins
  A hobgoblin (D:3)
  13 jackals
  8 kobolds
  3 quokkas
  4 ball pythons
  4 frilled lizards
  A quokka skeleton (D:4)
  3 rats
93 creatures vanquished.

Vanquished Creatures (others)
  5 plants (D:1)
  3 withered plants (D:1)
8 creatures vanquished.

Grand Total: 101 creatures vanquished

Notes
Turn   | Place    | Note
-------+----------+-------------------------------------------
     0 | D:1      | Vomitron the Ogre Venom Mage began the quest for the Orb.
     0 | D:1      | Reached XP level 1. HP: 16/16 MP: 3/3
   706 | D:1      | Reached XP level 2. HP: 24/26 MP: 5/5
   745 | D:1      | Reached skill level 1 in Fighting
   745 | D:1      | Reached skill level 3 in Poison Magic
   789 | D:1      | Found a faded altar of an unknown god.
   834 | D:1      | Became a worshipper of Ru the Awakened
   855 | D:1      | Gained mutation: You cannot be stealthy. [Ru sacrifice]
   957 | D:1      | Upgraded the game from 0.27-a0-1281-ge233d83751 to
                  | 0.27-a0-1287-gca74d27db6
   982 | D:1      | Found Womoin's Jewellery Shoppe.
  1561 | D:2      | Reached XP level 3. HP: 33/33 MP: 4/7
  2146 | D:2      | Reached XP level 4. HP: 42/42 MP: 8/8
  2149 | D:2      | Learned a level 2 spell: Poisonous Vapours
  2953 | D:3      | Noticed a scorpion
  2958 | D:3      | Killed a scorpion
  2959 | D:3      | Reached skill level 4 in Poison Magic
  2959 | D:3      | Reached XP level 5. HP: 34/52 MP: 2/10
  3225 | D:3      | Noticed Sigmund
  3237 | D:3      | Killed Sigmund
  3238 | D:3      | Reached skill level 5 in Poison Magic
  3238 | D:3      | Reached XP level 6. HP: 56/62 MP: 1/12
  3826 | D:4      | Gained mutation: You are hated by all. [Ru sacrifice]
  3826 | D:4      | Reached * piety under Ru
  3826 | D:4      | Reached ** piety under Ru
  3996 | D:4      | Noticed a necrophage
  4028 | D:4      | Killed a necrophage
  4029 | D:4      | Reached XP level 7. HP: 43/68 MP: 10/13
  4701 | D:5      | Entered Level 5 of the Dungeon
  5010 | D:5      | Reached skill level 5 in Fighting
  5010 | D:5      | Reached skill level 5 in Spellcasting
  5171 | D:5      | Reached skill level 6 in Poison Magic
  5357 | D:5      | Found a hide-covered altar of Uskayaw.
  5760 | D:5      | Reached XP level 8. HP: 67/83 MP: 12/16
  6107 | D:5      | Reached skill level 7 in Poison Magic
  6170 | D:5      | Noticed Blork the orc
  6175 | D:5      | Killed Blork the orc
  6176 | D:5      | Found an iron altar of Okawaru.
  6176 | D:5      | Found a bloodstained altar of Trog.
  6448 | D:5      | Found a glowing silver altar of Zin.
  6450 | D:5      | Found a stormy altar of Qazlal.
  6957 | D:6      | Found a glowing golden altar of the Shining One.
  6989 | D:6      | HP: 4/81 [centaur (4)]
  6991 | D:6      | HP: 1/81 [centaur (3)]
  6993 | D:6      | Slain by a centaur

Illustrated notes

Levels and vault maps discovered:
D:1:      dpeg_arrival_chambers_temple_mockup, layout_loops_ring, serial_shops,
          shop, shapermc_ecumenical_altar_flowoftime, minmay_indecisive_spiral
D:2:      layout_rooms, kennysheep_cross_room
D:3:      layout_basic, serial_curves, eino_curves_03, eino_curves_03,
          eino_curves_03, eino_curves_03, uniq_sigmund
D:4:      layout_rooms, kennysheep_small_square
D:5:      layout_loops_corners, eat_drink_and_be_merry_uskayaw,
          chequers_temple_overflow_minitemple, saegor_snake_ambush,
          uniq_blork_the_orc
D:6:      layout_cave_pools, lemuel_tele_altar,
          nicolae_gozag_cash_rules_everything_around_me,
          minmay_temple_entry_steel_oval, minmay_statues_item,
          minmay_misc_feat_more_columns, grunt_ministairs_5,
          grunt_decor_resistance, minmay_manual_mares

Skill      XL: |  1  2  3  4  5  6  7  8 |
---------------+-------------------------+-----
Fighting       | 1 2 3 4 6 |  6.7
Poison Magic   | 3 4 5 6 7 |  7.4
Stealth        | 0 |  0.0
Spellcasting   | 3 4 5 6 |  6.2
Dodging        | |  1.7
Transmutations | |  0.8

Action                   |  1- 3 |  4- 6 |  7- 9 || total
-------------------------+-------+-------+-------++-------
Melee: Unarmed           |    14 |       |       ||    14
       Whip              |    55 |       |       ||    55
       Dagger            |     5 |       |       ||     5
       Spear             |     1 |    65 |    49 ||   115
       Flail             |       |       |    44 ||    44
 Cast: Sting             |    39 |    47 |    21 ||   107
       Poisonous Vapours |       |    11 |    24 ||    35
Invok: Sacrifice Stealth |     1 |       |       ||     1
       Sacrifice Love    |       |     1 |       ||     1
  Use: Scroll            |     1 |    10 |     5 ||    16
       Potion            |       |       |     4 ||     4
Armor: Robe              |    27 |    24 |    45 ||    96
Dodge: Dodged            |    28 |    58 |    68 ||   154

Table legend: (Time is in decaauts)
 A = Elapsed time spent in this place.
 B = Non-inter-level travel time spent in this place.
 C = Inter-level travel time spent in this place.
 D = Time resting spent in this place.
 E = Time spent auto-exploring this place.
 F = Levels seen in this place.
 G = Mean time per level.
                   A        B        C        D        E       F      G
               +--------+--------+--------+--------+--------+-----+--------+
         Total |   7044 |   6871 |    173 |   2426 |   3590 |   6 | 1174.0 |
       Dungeon |   7044 |   6871 |    173 |   2426 |   3590 |   6 | 1174.0 |
               +--------+--------+--------+--------+--------+-----+--------+

Top non-repeatable levels by time:
     D:5: 2269 daAuts
     D:1: 1737 daAuts
     D:2: 1044 daAuts
     D:3: 1039 daAuts
     D:4: 891 daAuts
     D:6: 62 daAuts
